 Dungeon Crawl Stone Soup version 0.31.0-12-g77e489cdc1 (webtiles) character file.

Game seed: 3944996152747334108

12 cdecastro the Changeling (level 2, -1/24 HPs)
             Began as a Draconian Shapeshifter on Feb 27, 2024.
             Succumbed to a goblin's poison
             ... on level 1 of the Dungeon.
             The game lasted 00:01:03 (283 turns).

cdecastro the Changeling (Draconian Shapeshifter)    Turns: 283, Time: 00:01:04

Health: -1/24      AC:  4    Str: 16    XL:     2   Next: 20%
Magic:  2/2        EV: 12    Int: 10    God:
Gold:   26         SH:  0    Dex: 10    Spells: 1/1 levels left

rFire   . .          .
                       - Unarmed
rCold   . . .        (no shield)
rNeg    . . .        (body armour unavailable)
rPois   .            (helmet currently unavailable)
rElec   .            (cloak currently unavailable)
rCorr   .            (gloves currently unavailable)
SInv    .            (boots currently unavailable)
Will    .....        (no amulet)
Stlth   +            (no ring)
HPRegen 0.24/turn    (no ring)
MPRegen 0.08/turn

%: no passive effects
@: lethally poisoned (-1 -> -21), beast-form, slowed, very slow
A: beast (slay +1), AC +4, unfitting armour, cold-blooded
a: Begin Untransformation


You were on level 1 of the Dungeon.
You were a hulking beast.
You visited 1 branch of the dungeon, and saw 1 of its levels.

You collected 26 gold pieces.

Inventory:

Talismans
 b - a beast talisman
 c - a flux talisman
Scrolls
 d - a scroll of amnesia {unknown}
 e - 2 scrolls of blinking {unknown}
Potions
 a - 2 potions of lignification


   Skills:
 + Level 1.7 Fighting
 - Level 1.7 Dodging
 - Level 3.0 Unarmed Combat
 * Level 3.4 Shapeshifting


You had one spell level left.
You didn't know any spells.
Your spell library was empty.

Dungeon Overview and Level Annotations

Branches:
Dungeon (1/15)

Altars:


Innate Abilities, Weirdness & Mutations

You are a hulking beast.
Your limbs bulge with bestial killing power. (Slay +1)
Your plain brown scales are hard. (AC +4)
You cannot fit into any form of body armour.
You are cold-blooded and may be slowed by cold attacks.


Message History

You hit the rat.
You kill the rat!
The goblin hits you with a +0 dagger.
You barely miss the goblin. The goblin misses you.
You hit the goblin.
Your tail-slap misses the goblin.
The goblin is severely wounded.
The goblin barely misses you.
You hit the goblin.
You kill the goblin!
A ball python comes into view.
The ball python hisses angrily.
The endoplasm freezes you.
You are frozen.
You feel yourself slow down.
Things that are here:
a +0 dagger; a goblin corpse You hit the endoplasm.
The endoplasm is heavily wounded.
The endoplasm freezes you.
You are frozen.
The endoplasm freezes you.
You are frozen.
You feel as though you will be slow longer.
You hit the endoplasm.
The endoplasm is almost dead.
The endoplasm barely misses you.
You hit the endoplasm.
You kill the endoplasm!
The goblin misses you.
You closely miss the goblin.
The goblin hits you with a +3 dagger of venom.
You are poisoned.
You completely miss the goblin.
Your tail-slap misses the goblin.
You feel very sick.
The goblin hits you with a +3 dagger of venom.
* * * LOW HITPOINT WARNING * * *
You are more poisoned.
The goblin closely misses you.
You hit the goblin.
You kill the goblin!
You die...

#.##..#...#.###... #.#
#.#....<....#.
#.###...###.#...#.
#...###..#..######
#.....##.#..#.....
#...#....#....#.##
#.######.###.##.#. #.#
#.#...#..#. #h#
..#.###.##.
######)##########....##
#.....S................
#.....†................
#......................
#......................
####...................
#....>..............
#...................


You could see a ball python.

Vanquished Creatures
  2 bats (D:1)
  2 endoplasms (D:1)
  3 goblins (D:1)
  2 quokkas (D:1)
  A kobold (D:1)
  2 rats (D:1)
12 creatures vanquished.

Notes
Turn   | Place    | Note
-------+----------+-------------------------------------------
     0 | D:1      | cdecastro the Draconian Shapeshifter began the quest for
                  | the Orb.
     0 | D:1      | Reached XP level 1. HP: 16/16 MP: 1/1
   223 | D:1      | Reached XP level 2. HP: 23/23 MP: 2/2
   283 | D:1      | Succumbed to a goblin's poison

Illustrated notes

Levels and vault maps discovered:
D:1:      psy_arrival_radial01, layout_rooms

Action                     || total
---------------------------++-------
  Melee: Unarmed           ||    31
         Tailslap          ||     1
 Armour: Skin              ||    14
  Dodge: Dodged            ||    20
